 Dungeon Crawl Stone Soup version 0.31.0-32-g396128a36d (webtiles) character file.

Game seed: 1916634572622589507

1360 mainiacjoe the Trooper (level 8, -6/46 HPs)
             Began as a Vine Stalker Fighter on Mar 10, 2024.
             Was an Initiate of Gozag.
             Killed from afar by Maurice (15 damage)
             ... with a bolt of dispelling energy
             ... on level 7 of the Dungeon.
             The game lasted 00:13:43 (5490 turns).

mainiacjoe the Trooper (Vine Stalker Fighter)       Turns: 5490, Time: 00:13:44

Health: -6/46      AC: 15    Str: 20    XL:     8   Next: 64%
Magic:  0/9        EV:  5    Int:  8    God:    Gozag
Gold:   700        SH:  7    Dex: 15    Spells: 7/7 levels left

rFire   + + .        a - +1 long sword
rCold   . . .        f - +2 buckler
rNeg    . . .        w - +1 plate armour {rPois}
rPois   +            (no helmet)
rElec   .            j - +1 cloak
rCorr   .            B - +0 pair of gloves
SInv    .            (no boots)
Will    +....        (no amulet) Stlth
                     o - ring of protection from fire
HPRegen 1.07/turn    z - ring of protection from fire
MPRegen 0.11/turn

%: guardian spirit
@: mighty
A: fangs 3, regeneration 1, magic shield, antimagic bite, no potion heal 2
a: Renounce Religion, Potion Petition, Call Merchant, Bribe Branch


You were on level 7 of the Dungeon.
You worshipped Gozag.
Gozag was pleased with you.
You visited 2 branches of the dungeon, and saw 8 of its levels.
You also visited: Sewer.

You collected 759 gold pieces.
You paid 59 gold pieces to Gozag.

Inventory:

Hand Weapons
 a - a +1 long sword (weapon)
 b - a +0 sling
Missiles
 g - 17 poisoned darts
 k - 13 boomerangs
 l - 37 stones
 y - 2 javelins
Armour
 f - a +2 buckler (worn)
 j - a +1 cloak (worn)
 w - a +1 plate armour of poison resistance (worn)
 B - a +0 pair of gloves (worn)
Jewellery
 o - a ring of protection from fire (left hand)
 z - a ring of protection from fire (right hand)
Scrolls
 m - a scroll of immolation
 n - a scroll of vulnerability
 r - 2 scrolls of amnesia
 A - a scroll of blinking
Potions
 c - a potion of brilliance {unknown}
 e - 4 potions of heal wounds {unknown}
 h - 3 potions of mutation
 i - a potion of cancellation {unknown}
 p - 2 potions of curing
 q - 4 potions of lignification
 t - 3 potions of attraction
 u - a potion of invisibility {unknown}
 v - 5 potions of haste


   Skills:
 + Level 7.2 Fighting
 + Level 6.9 Long Blades
 - Level 2.4 Armour
 - Level 2.6 Shields


You had 7 spell levels left.
You didn't know any spells.
Your spell library contained the following spells:

 Spells                   Type           Power      Damage    Failure   Level
 Shock                    Conj/Air       0%         1d3       100%        1
 Cigotuvi's Dreadful Rot  Necr/Alch/Air  0%         N/A       100%        2
 Dazzling Flash           Conj/Hex       0%         N/A       100%        3
 Swiftness                Air            0%         N/A       100%        3
 Volatile Blastmotes      Fire/Tloc      0%         2d10      100%        3
 Airstrike                Air            0%         2d(0-16)  100%        4
 Dispel Undead            Necr           0%         3d6       100%        4
 Martyr's Knell           Necr/Summ      0%         N/A       100%        4
 Death Channel            Necr           0%         N/A       100%        6
 Starburst                Conj/Fire      0%         6d3       100%        6
 Haunt                    Necr/Summ      0%         N/A       100%        7
 Borgnjor's Revivificati  Necr           0%         N/A       100%        8
 Maxwell's Capacitive Co  Air            0%         ∞         100%        8
 Death's Door             Necr           0%         N/A       100%        9


Dungeon Overview and Level Annotations

Branches:
Dungeon (7/15)             Temple (1/1) D:5           Sewer (visited)

Altars:
Ashenzari
Dithmenos
Fedhas
Gozag
Hepliaklqana
Kikubaaqudgha
Makhleb
Nemelex Xobeh
Okawaru
Qazlal
Sif Muna
Uskayaw
Vehumet
Wu Jian
Xom
Yredelemnul
Zin
The Shining One

Shops:
D:3 =

Annotations:
D:7 Maurice


Innate Abilities, Weirdness & Mutations

You have razor-sharp teeth.
Your natural rate of healing is unusually fast.
When hurt, damage is shared between your health and your magic reserves.
Your bite disrupts and absorbs the magic of your enemies.
Potions cannot restore your health.


Message History

You feel your power leaking away. Maurice drains your magic.
You barely miss Maurice. You bite Maurice.
Maurice's magic leaks into the air.
You drain his magic.
You feel invigorated.
Maurice is lightly wounded.
The centaur barely misses you. You block the centaur's attack.
You block Maurice's attack. Maurice bites you.
You feel your power leaking away. Maurice drains your magic.
Maurice looks very invigorated.
The hornet stings you but does no damage.
You hit Maurice but do no damage.
Maurice is lightly wounded.
The centaur barely misses you.
The centaur kicks you but does no damage.
The hornet stings you!
Maurice zaps a wand.
The bolt of dispelling energy hits you.
* * * LOW HITPOINT WARNING * * *
The centaur hits you but does no damage.
You block the centaur's attack. The hornet stings you.
* * * LOW HITPOINT WARNING * * *
You closely miss Maurice. You bite Maurice!
Maurice's magic leaks into the air.
You drain his magic.
You feel invigorated.
Maurice is lightly wounded.
The centaur hits you but does no damage.
The centaur kicks you but does no damage.
Maurice falters for a moment.
The hornet stings you.
* * * LOW HITPOINT WARNING * * *
The centaur hits you but does no damage.
You block the centaur's attack.
Okay, then.
You feel very mighty all of a sudden.
The hornet stings you but does no damage.
The centaur hits you.
* * * LOW HITPOINT WARNING * * *
The centaur kicks you but does no damage.
Maurice zaps a wand.
The bolt of dispelling energy hits you!!
Your magical effects are unravelling.
You die...
Your body crumbles into a pile of gold.

#
#<####....
#.
#.........
#.#
##.####....
#.###.## #
#...##
##..# #.(#
#..## #f@.#
##cy# .W.#
##/.. #....
#..### #..#
#..#


You could see Maurice (magic disrupted), a hornet, a phantom and a centaur.

Vanquished Creatures
  A black bear (D:5)
  3 ogres
  A crocodile (Sewer)
  A gnoll sergeant (D:5)
  3 scorpions (D:6)
  A howler monkey (D:5)
  A bombardier beetle (D:3)
  A crimson imp (D:6)
  A hound (D:5)
  An orc priest (D:4)
  2 jellies
  A sleepcap (D:5)
  Terence (D:2)
  4 orc wizards
  12 gnolls
  8 adders
  A shadow imp (D:6)
  A white imp (D:6)
  2 dart slugs (D:1)
  10 orcs
  7 endoplasms
  6 giant cockroaches
  10 goblins
  9 hobgoblins
  11 jackals
  5 quokkas
  11 ball pythons
  8 bats
  2 frilled lizards
  7 kobolds
  12 rats
144 creatures vanquished.

Notes
Turn   | Place    | Note
-------+----------+-------------------------------------------
     0 | D:1      | mainiacjoe the Vine Stalker Fighter began the quest for the
                  | Orb.
     0 | D:1      | Reached XP level 1. HP: 11/11 MP: 2/2
    65 | D:1      | Reached XP level 2. HP: 16/16 MP: 1/3
    94 | D:1      | Reached skill level 3 in Fighting
   256 | D:1      | Reached XP level 3. HP: 20/20 MP: 4/4
   860 | D:2      | Identified the -2 helmet of Icvaq {Str+4 Stlth-}
  1040 | D:2      | Reached XP level 4. HP: 24/24 MP: 3/5
  1176 | D:2      | Noticed Terence
  1184 | D:2      | Killed Terence
  1408 | D:2      | Reached skill level 4 in Fighting
  1590 | D:3      | Found a shadowy altar of Dithmenos.
  1614 | D:3      | Found Ipammeo's One-of-a-Kind Rings.
  1618 | D:3      | Reached XP level 5. HP: 29/29 MP: 6/6
  1926 | D:3      | Found an opulent altar of Gozag.
  1929 | D:3      | Found an ancient bone altar of Kikubaaqudgha.
  1931 | D:3      | Found a shimmering blue altar of Sif Muna.
  2248 | D:3      | Became a worshipper of Gozag Ym Sagoz the Greedy
  2310 | D:4      | Noticed an ogre
  2335 | D:4      | Killed an ogre
  2336 | D:4      | Reached XP level 6. HP: 20/35 MP: 3/7
  2491 | D:4      | Found a broken altar of Ashenzari.
  2844 | D:4      | Reached skill level 5 in Fighting
  3109 | D:5      | Entered Level 5 of the Dungeon
  3152 | D:5      | Found a glowing golden altar of the Shining One.
  3167 | D:5      | Reached XP level 7. HP: 32/39 MP: 5/8
  3202 | D:5      | Found a staircase to the Ecumenical Temple.
  3213 | Temple   | Entered the Ecumenical Temple
  3306 | D:5      | Found a glowing drain.
  3310 | Sewer    | Entered a sewer
  3365 | Sewer    | Reached skill level 5 in Long Blades
  3742 | D:5      | Reached skill level 6 in Fighting
  3953 | D:5      | Gained mutation: You have razor-sharp teeth. [Vine Stalker
                  | growth]
  3953 | D:5      | Reached XP level 8. HP: 42/44 MP: 9/9
  4663 | D:6      | Identified the +2 long sword "Leviticus" {spect, rCorr
                  | Str-5 SInv}
  4723 | D:6      | Reached skill level 7 in Fighting
  5476 | D:7      | Noticed Maurice
  5483 | D:7      | Maurice stole a maw talisman
  5485 | D:7      | Noticed a hornet
  5486 | D:7      | Maurice stole 6 javelins
  5490 | D:7      | Killed from afar by Maurice

Illustrated notes

Levels and vault maps discovered:
D:1:      matt_arrival_los_fun, layout_loops_ring, wad_floor_pattern_untrapped,
          minmay_misc_feat_enclosed, hangedman_abyss_or_decor_stabs
D:2:      layout_basic, kennysheep_generic_room_4, uniq_terence
D:3:      layout_basic, nicolae_dithmenos_the_darkroom,
          grunt_temple_overflow_open, minmay_misc_feat_room,
          nicolae_shop_unique_rings, minmay_fractal_squares_diagonal_5
D:4:      layout_loops_ring, cheibrodos_ashenzari_chains
D:5:      layout_basic, tso_metal_star, minmay_temple_entry_mini_moons,
          gup_sewer_entry_bowl
D:6:      layout_cave_pods, roderic_filled_cross, minmay_fire_ice_demons
D:7:      layout_loops_ring, uniq_jeremiah, uniq_maurice, uniq_duvessa
Temple:   minmay_temple_bridge_abc

Skill      XL: |  1  2  3  4  5  6  7  8 |
---------------+-------------------------+-----
Long Blades    | 2 3 4 5 6 |  6.9
Fighting       | 3 4 5 6 7 |  7.2
Armour         | |  2.4
Shields        | |  2.6

Action                     |  1- 3 |  4- 6 |  7- 9 || total
---------------------------+-------+-------+-------++-------
  Melee: Long sword        |   109 |   140 |   176 ||   425
         Bite              |    21 |    46 |    49 ||   116
   Fire: Sling             |    24 |       |       ||    24
  Throw: Dart              |       |     1 |       ||     1
         Throwing net      |       |       |     1 ||     1
    Use: Scroll            |     4 |     6 |     4 ||    14
         Potion            |       |       |     2 ||     2
 Armour: Scale mail        |    43 |       |       ||    43
         Chain mail        |    48 |    96 |       ||   144
         Plate armour      |       |    19 |   240 ||   259
  Dodge: Dodged            |    50 |    31 |    43 ||   124
  Block: Buckler           |    29 |    34 |    61 ||   124
